 Dungeon Crawl Stone Soup version 0.25.0-46-gbd7b0854d2 (webtiles) character file.

Game seed: 13941559598178733685

473 Jimbable the Spear-Bearer (level 7, -6/53 HPs)
             Began as a Merfolk Gladiator on July 15, 2020.
             Killed from afar by an orc wizard (9 damage)
             ... with a magic dart
             ... on level 4 of the Dungeon.
             The game lasted 00:06:59 (3713 turns).

Jimbable the Spear-Bearer (Merfolk Gladiator)       Turns: 3713, Time: 00:06:59

Health: -6/53      AC:  5    Str: 16    XL:     7   Next: 10%
Magic:  7/7        EV: 15    Int:  7    God:
Gold:   231        SH:  0    Dex: 16    Spells: 6/6 levels left

rFire    . . .     SeeInvis .   a - +0 trident
rCold    . . .     Gourm    .   (no shield)
rNeg     . . .     Faith    .   b - +0 leather armour
rPois    .         Spirit   .   n - +1 helmet
rElec    .         Reflect  .   (no cloak)
rCorr    .         Harm     .   (no gloves)
MR       .....                  (no boots)
Stlth    ++........             (no amulet)
HPRegen  0.17/turn              (no ring)
MPRegen  0.10/turn              (no ring)

@: no status effects
A: change form in water, swift swim, stealthy swim
a: no special abilities


You were on level 4 of the Dungeon.
You were not hungry.

You visited 1 branch of the dungeon, and saw 4 of its levels.

You collected 231 gold pieces.

Inventory:

Hand Weapons
 a - a +0 trident (weapon)
Missiles
 d - 2 throwing nets
 m - a javelin (quivered)
Armour
 b - a +0 leather armour (worn)
 c - a +0 helmet
 n - a +1 helmet (worn)
Jewellery
 g - a cursed amulet of inaccuracy {unknown}
Scrolls
 i - 7 scrolls of identify {unknown}
 j - 2 scrolls of teleportation {unknown}
 l - 2 scrolls of remove curse {unknown}
 o - a scroll of enchant armour {unknown}
Potions
 e - 2 potions of curing {unknown}
 h - a potion of heal wounds {unknown}
 k - 2 potions of lignification {unknown}
 p - a potion of invisibility {unknown}
 q - a potion of stabbing {unknown}
Comestibles
 f - 7 rations
 r - 3 chunks of flesh


   Skills:
 + Level 3.8 Fighting
 + Level 9.2 Polearms
 + Level 2.0 Throwing
 + Level 1.0 Armour
 + Level 5.2 Dodging
 + Level 1.1 Stealth


You had 6 spell levels left.
You didn't know any spells.
Your spell library was empty.

Dungeon Overview and Level Annotations

Branches:
Dungeon (4/15)
 Temple: D:4-7

Altars:
Dithmenos
Fedhas
Hepliaklqana
Qazlal
Trog


Message History

You throw a javelin. The javelin barely misses the orc.
Throwing (i - inventory. (/) - cycle)
m - 2 javelins (quivered)
Press: ? - help, Shift-Dir - straight line, f/p - orc
Aim: an orc, wielding a +0 war axe and wearing a +0 ring mail You throw a javelin.
The javelin pierces through the orc!
You kill the orc!
You start resting.
A puff of flame appears from out of thin air!
The puff of flame hits you.
* * * LOW HITPOINT WARNING * * *
An adder comes into view.
The adder hisses angrily.
Found 29 sling bullets.
An orc wizard appears from thin air!
Reactivating autopickup.
The adder barely misses you. The adder misses you.
The orc wizard points at you and mumbles some strange words.
The magic dart hits you!
You die...

### .... #..... #....
###.#.# ....#.#####
############
#....##..#######..........#
#.........................#
##.##...#..####S@####).....#
......§...##≈≈≈..≈≈≈##.....#
..#########≈≈≈≈..≈≈≈≈##....#
..#### ##≈≈≈≈≈(.≈≈≈≈≈##...#
.....# ##≈≈≈≈≈≈o.≈≈≈≈≈≈##..#
.###..##≈≈≈≈≈≈≈..≈≈≈≈≈≈≈##.#
.# ##≈≈≈≈≈≈≈≈..≈≈≈≈≈≈≈ #.#
.## #≈≈≈≈≈≈≈≈..≈≈≈≈≈≈≈ #.#
..#####≈≈≈≈≈≈≈....≈≈≈≈≈ #.#


You could see an orc wizard and an adder.

Vanquished Creatures
  An ogre (D:4)
  An orc wizard (D:4)
  A bullfrog skeleton (D:2)
  Natasha (thrice) (D:2)
  A worker ant (D:4)
  A hound skeleton (D:4)
  4 gnolls (D:4)
  A howler monkey skeleton (D:4)
  7 adders
  3 oozes
  4 worms
  2 dart slugs (D:2)
  3 leopard geckos
  5 orcs
  A giant cockroach (D:1)
  10 goblins
  9 hobgoblins
  3 jackals (D:3)
  3 quokkas
  A ball python (D:3)
  16 bats
  4 frilled lizards
  2 kobolds
  5 rats
91 creatures vanquished.

Notes
Turn   | Place    | Note
-------+----------+-------------------------------------------
     0 | D:1      | Jimbable the Merfolk Gladiator began the quest for the Orb.
     0 | D:1      | Reached XP level 1. HP: 16/16 MP: 1/1
    47 | D:1      | Reached skill level 5 in Polearms
    52 | D:1      | Reached XP level 2. HP: 22/22 MP: 2/2
   271 | D:1      | Reached XP level 3. HP: 28/28 MP: 3/3
   990 | D:2      | Found a shadowy altar of Dithmenos.
  1110 | D:2      | Found a bloodstained altar of Trog.
  1117 | D:2      | Reached skill level 6 in Polearms
  1117 | D:2      | Reached XP level 4. HP: 33/34 MP: 4/4
  1354 | D:2      | Noticed Natasha
  1444 | D:2      | Killed Natasha
  1444 | D:2      | Reached skill level 7 in Polearms
  1444 | D:2      | Reached XP level 5. HP: 19/40 MP: 5/5
  1626 | D:2      | Found a blossoming altar of Fedhas.
  1627 | D:2      | Found a hazy altar of Hepliaklqana.
  1907 | D:2      | Noticed Natasha
  1914 | D:2      | Killed Natasha
  2122 | D:2      | Noticed Natasha
  2133 | D:2      | Killed Natasha
  2512 | D:3      | Reached XP level 6. HP: 47/47 MP: 6/6
  2699 | D:3      | Reached skill level 8 in Polearms
  3064 | D:4      | Reached skill level 1 in Armour
  3064 | D:4      | Reached skill level 1 in Stealth
  3117 | D:4      | Reached skill level 9 in Polearms
  3437 | D:4      | Reached XP level 7. HP: 53/53 MP: 7/7
  3617 | D:4      | Found a stormy altar of Qazlal.
  3677 | D:4      | HP: 2/53 [orc wizard/magic dart (5)]
  3678 | D:4      | Reached skill level 5 in Dodging
  3694 | D:4      | HP: 1/53 [something/puff of flame (4)]
  3713 | D:4      | Killed from afar by an orc wizard

Illustrated notes

Levels and vault maps discovered:
D:1:      dpeg_arrival_solitude, layout_basic
D:2:      layout_loops_cross, nicolae_dithmenos_shadow_blocks,
          gammafunk_temple_overflow_forgotten, st_stairs_13, uniq_natasha
D:3:      layout_loops_ring, first_ration, eino_tiny_chamber,
          hangedman_decor_lopped
D:4:      kennysheep_big_flooded_room, layout_rooms, grunt_qazlal_clouds

Skill      XL: |  1  2  3  4  5  6  7 |
---------------+----------------------+-----
Polearms       | 5 6 7 9 |  9.2
Fighting       | 3 |  3.8
Armour         | 1 |  1.0
Stealth        | 1 |  1.1
Dodging        | 5 |  5.2
Throwing       | |  2.0

Action                   |  1- 3 |  4- 6 |  7- 9 || total
-------------------------+-------+-------+-------++-------
Melee: Trident           |   114 |   199 |    24 ||   337
Throw: Throwing net      |       |     2 |       ||     2
       Javelin           |       |       |     2 ||     2
 Stab: Distracted        |     1 |       |       ||     1
       Sleeping          |     1 |     4 |     1 ||     6
       Held in net/web   |       |     1 |       ||     1
  Eat: Chunk             |     1 |     7 |     1 ||     9
Armor: Leather armour    |    33 |    18 |    11 ||    62
Dodge: Dodged            |    59 |   111 |    25 ||   195
